 Dungeon Crawl Stone Soup version 0.29-a0-330-g52719c12eb (webtiles) character file.

Game seed: 77330549224162791

163771 Crownlay the Impaler (level 16, -1/160 HPs)
             Began as a Minotaur Fighter on Apr 19, 2022.
             Was the Champion of Jiyva.
             Killed from afar by a merfolk aquamancer (6 damage)
             ... with a ball of steam
             ... on level 3 of the Shoals.
             The game lasted 01:17:53 (22621 turns).

Crownlay the Impaler (Minotaur Fighter)            Turns: 22621, Time: 01:17:53

Health: -1/160     AC: 29    Str: 24    XL:     16   Next: 99%
Magic:  11/15      EV:  7    Int: 14    God:    Jiyva [******]
Gold:   1375       SH: 19    Dex: 18    Spells: 15/15 levels left

rFire   + + .      SeeInvis .   C - +9 trident of Rimnud {vorpal, Drain rN+++ Int+7 Stlth-}
rCold   + + .      Faith    .   V - +0 kite shield
rNeg    + + +      Spirit   .   T - +3 plate armour {rF+}
rPois   +          Reflect  .   (helmet restricted)
rElec   +          Harm     .   (no cloak)
rCorr   +          Rampage  .   B - +0 pair of gloves "Xamp" {rElec}
Will    ++...                   (no boots)
Stlth   ..........              v - amulet "Daraor" {rF+ rC+ Regen+ rCorr Str-3}
HPRegen 2.76/turn               g - +6 ring of dexterity
MPRegen 0.64/turn               o - +4 ring of protection

@: about to teleport, slimy, studying Axes, very slow
A: horns 2, retaliatory headbutt, iridescent scales 2, large bone plates 1,
clever 1, cold resistance 1, strong-willed 1, sense surroundings 1, poison
resistance, acidic bite, eyeballs 2, translucent skin 3, evolution 1, jelly
absorbing missiles
}: 1/15 runes: slimy
a: Renounce Religion, Oozemancy, Slimify


You were on level 3 of the Shoals.
You worshipped Jiyva.
Jiyva was exalted by your worship.
You visited 5 branches of the dungeon, and saw 31 of its levels.
You also visited: Ice Cave and Volcano.

You collected 1873 gold pieces.
You spent 498 gold pieces at shops.

Inventory:

Hand Weapons
 a - a +1 demon trident of electrocution
 l - the +9 hunting sling of Omizofe {venom, MP+9}
   (You found it on level 2 of the Dungeon)

   Any ammunition fired from it poisons the flesh of those it strikes.
   MP:        It affects your magic capacity (+9).
 q - the +9 rapier of Yeast {vorpal, rElec rCorr Stlth+}
   (You found it on level 5 of the Dungeon)

   It inflicts extra damage upon your enemies.
   rElec:     It insulates you from electricity.
   rCorr:     It protects you from acid and corrosion.
   Stlth:     It makes you more stealthy.
 C - the +9 trident of Rimnud (weapon) {vorpal, Drain rN+++ Int+7 Stlth-}
   (You found it on level 10 of the Dungeon)

   It inflicts extra damage upon your enemies.
   Int:       It affects your intelligence (+7).
   rN:        It renders you almost immune to negative energy.
   Drain:     It drains your maximum health when unequipped.
   Stlth:     It makes you less stealthy.
 W - the +8 flail "Neucug" {vorpal, rC+ Str+2 Dex+3 SInv}
   (You found it on level 5 of the Pits of Slime)

   It inflicts extra damage upon your enemies.
   Str:       It affects your strength (+2).
   Dex:       It affects your dexterity (+3).
   rC:        It protects you from cold.
   SInv:      It lets you see invisible.
Missiles
 f - 2 curare-tipped darts
 R - 2 throwing nets
Armour
 B - the +0 pair of gloves "Xamp" (worn) {rElec}
   (You acquired it on level 2 of the Orcish Mines)

   rElec:     It insulates you from electricity.
 I - the +4 skin of Zhor {*Englaciate rC+++ SInv}
   (You found it in an ice cave)

   It radiates cold, occasionally slowing all nearby creatures who are not
   resistant to cold.
   rC:        It renders you almost immune to cold.
   SInv:      It lets you see invisible.
 O - the +4 helmet "Yloak" {rElec Dex+3 SInv}
   (You found it on level 2 of the Lair of Beasts)

   Dex:       It affects your dexterity (+3).
   rElec:     It insulates you from electricity.
   SInv:      It lets you see invisible.
 T - a +3 plate armour of fire resistance (worn)
 V - a +0 kite shield (worn)
Jewellery
 g - a +6 ring of dexterity (left hand)
 o - a +4 ring of protection (right hand)
 v - the amulet "Daraor" (around neck) {rF+ rC+ Regen+ rCorr Str-3}
   (You acquired it on level 2 of the Orcish Mines)

   [amulet of regeneration]

   Str:       It affects your strength (-3).
   rF:        It protects you from fire.
   rC:        It protects you from cold.
   Regen:     It increases your rate of health regeneration.
   rCorr:     It protects you from acid and corrosion.
 M - a ring of flight
Wands
 p - a wand of acid (5)
 r - a wand of iceblast (12)
 s - a wand of paralysis (6)
 t - a wand of polymorph (3)
 H - a wand of flame (9)
 L - a wand of charming (3)
 N - a wand of mindburst (8)
 P - a wand of digging (2)
Scrolls
 b - 6 scrolls of teleportation
 c - a scroll of magic mapping
 k - 4 scrolls of enchant armour
 n - 2 scrolls of fog
 u - a scroll of torment {unknown}
 w - a scroll of brand weapon {unknown}
 y - 3 scrolls of fear
 z - 4 scrolls of noise
 A - 4 scrolls of enchant weapon
 J - 3 scrolls of blinking
 K - 2 scrolls of summoning {unknown}
Potions
 d - 4 potions of might
 e - 5 potions of curing {unknown}
 h - 5 potions of attraction
 i - a potion of mutation {unknown}
 j - 4 potions of heal wounds {unknown}
 m - a potion of magic {unknown}
 x - 2 potions of brilliance
 E - 3 potions of lignification
 S - 5 potions of ambrosia
 U - 3 potions of haste
Miscellaneous
 Q - a lightning rod (4/4)


   Skills:
 * Level 19.0 Fighting
 * Level 19.1 Polearms
 - Level 6.0 Slings
 - Level 15.0 Armour
 + Level 17.6 Shields
 + Level 8.9 Evocations


You had 15 spell levels left.
You didn't know any spells.
Your spell library contained the following spells:

 Spells                   Type           Power      Damage    Failure   Level
 Apportation              Tloc           0%         N/A       98%         1
 Beastly Appendage        Tmut           0%         N/A       98%         1
 Sting                    Tmut/Pois      0%         1d3       98%         1
 Call Imp                 Summ           0%         N/A       99%         2
 Corpse Rot               Necr/Air       0%         N/A       99%         2
 Poisonous Vapours        Pois/Air       0%         N/A       99%         2
 Sublimation of Blood     Necr           0%         N/A       99%         2
 Wereblood                Tmut           0%         N/A       99%         2
 Conjure Flame            Conj/Fire      0%         6-21      100%        3
 Gell's Gravitas          Tloc           0%         N/A       100%        3
 Ignite Poison            Fire/Tmut/Pois 0%         N/A       100%        3
 Ozocubu's Armour         Ice            0%         N/A       100%        3
 Portal Projectile        Hex/Tloc       0%         N/A       100%        3
 Anguish                  Hex/Necr       0%         N/A       100%        4
 Animate Dead             Necr           0%         N/A       100%        4
 Fulminant Prism          Conj/Hex       0%         3d6       100%        4
 Hailstorm                Conj/Ice       0%         3d3       100%        4
 Iskenderun's Mystic Bla  Conj/Tloc      0%         2d3       100%        4
 Olgreb's Toxic Radiance  Pois           0%         N/A       100%        4
 Petrify                  Tmut/Erth      0%         N/A       100%        4
 Sticky Flame             Conj/Fire      0%         2d3       100%        4
 Alistair's Intoxication  Tmut/Pois      0%         N/A       100%        5
 Excruciating Wounds      Necr           0%         N/A       100%        5
 Irradiate                Conj/Tmut      0%         3d13      100%        5
 Lee's Rapid Deconstruct  Erth           0%         3d5*      100%        5
 Death Channel            Necr           0%         N/A       100%        6
 Eringya's Noxious Bog    Tmut/Pois      0%         N/A       100%        6
 Simulacrum               Ice/Necr       0%         N/A       100%        6
 Monstrous Menagerie      Summ           0%         N/A       100%        7
 Ozocubu's Refrigeration  Ice            0%         4d5       100%        7
 Disjunction              Tloc           0%         N/A       100%        8
 Polar Vortex             Ice            0%         N/A       100%        9


Dungeon Overview and Level Annotations

Branches:
Dungeon (15/15)            Temple (0/1) D:7            Lair (6/6) D:8
 Shoals (3/4) Lair:4       Spider (0/4) Lair:4        Slime (5/5) Lair:6
    Orc (2/2) D:11            Elf (0/3) Orc:2        Vaults (0/5) D:14
 Depths (0/4) D:15          IceCv (visited)         Volcano (visited)

Altars:
Hepliaklqana
Qazlal
Vehumet
Wu Jian
The Shining One
Beogh
Jiyva

Shops:
D:2 =   D:10 *   D:11 [   D:13 :   Orc:2 (?:*   Shoals:1 :

Annotations:
D:14 6 runed translucent doors
Slime:5 Royal Jelly


Innate Abilities, Weirdness & Mutations

You have a pair of horns on your head.
You reflexively headbutt those who attack you in melee.
You are mostly covered in iridescent scales. (AC +4)
You are partially covered in large bone plates. (SH +4)
Your mind is acute. (Int +2)
Your flesh is cold resistant. (rC+)
You are strong-willed. (Will+)
You passively map a small area around you.
Your system is resistant to poisons. (rPois)
You have acidic saliva.
Your body has grown many eyes which may confuse attackers. (Acc +5)
Your transparent skin significantly reduces your foes' accuracy. (Stealth+)
You have hidden genetic potential.
You have a small jelly attached to you that may absorb projectiles.


Message History

You hear a distant slurping noise.
You hear a squelching noise.
You hit the water nymph.
You kill the water nymph!
The merfolk aquamancer barely misses you.
Okay, then.
As you read the scroll of teleportation, it crumbles to dust.
You feel strangely unstable.
The water nymph gestures at you while chanting.
The water swirls and strikes you!!!
* * * LOW HITPOINT WARNING * * *
You shudder from the blast and a jelly pops out!
The manticore flicks its tail.
The volley of spikes hits you but does no damage.
You block the merfolk aquamancer's attack.
Okay, then.
As you read the scroll of fog, it crumbles to dust.
The scroll dissolves into smoke.
The merfolk aquamancer points at you and mumbles some strange words.
You block the shard of ice.
The merfolk aquamancer gestures at you while chanting.
The shard of ice hits you!! You partially resist.
* * * LOW HITPOINT WARNING * * *
The merfolk aquamancer hits you but does no damage.
Blink to where?
Press: ? - help, Dir - move target, f - you
Okay, then.
A thick mucus forms on the +9 trident of Rimnud {vorpal, Drain rN+++ Int+7 Stlth-}.
You carefully extract the barbed spikes from your body.
The manticore flicks its tail.
You block the volley of spikes.
You hear a distant slurping noise.
You block the merfolk aquamancer's attack.
Your unstable footing causes you to fumble your attack.
The merfolk aquamancer casts a spell at you.
The shard of ice hits you!! You partially resist.
* * * LOW HITPOINT WARNING * * *
You block the merfolk aquamancer's attack.
The merfolk aquamancer casts a spell at you.
The ball of steam hits you. You resist.
You die...

≈≈ ≈..
.....##.≈≈≈≈≈≈≈≈≈≈≈≈
≈...#.....#.≈≈≈≈≈≈≈≈≈≈J≈
≈ ...#.......≈≈≈≈≈≈≈≈≈≈.≈
≈ ....≈≈.>..≈≈≈≈≈≈≈≈≈..#.
, . ...≈≈....≈≈≈≈≈≈≈..###
... #.≈≈≈≈.≈≈≈≈≈≈≈≈≈.# #
....#.H§§§≈≈≈≈≈≈≈≈≈≈.###
,....m.§§J§..≈.≈≈≈≈≈≈≈...
,.....§§@§§...≈.≈≈≈≈≈≈≈≈.
.....§mm§§....≈≈≈≈≈≈≈≈≈≈
....≈m§§§§....≈≈≈≈≈≈≈≈≈≈
≈ ,
.≈≈≈≈........≈≈≈≈≈≈≈≈≈≈≈
.≈≈≈≈.......≈≈≈≈≈≈≈≈≈≈≈≈
≈≈m≈≈......≈≈≈≈≈≈≈≈≈≈≈≈≈
≈ , ≈
≈≈≈≈.....≈≈≈≈≈≈≈≈≈≈≈≈≈≈≈
≈
≈≈≈.....≈≈≈≈≈≈≈≈≈≈≈.....
≈ ≈.≈....


You could see 3 merfolk aquamancers, a manticore, a water nymph and a neutral
jelly (wandering) (fellow slime).

Vanquished Creatures
  A kraken (Shoals:3)
  Frances (Shoals:1)
  Donald (Orc:2)
  An orc warlord (Orc:2)
  An ettin (Orc:2)
  Josephine (Shoals:1)
  3 merfolk impalers
  7 boulder beetles
  An ogre mage (D:15)
  2 merfolk avatars (Shoals:2)
  8 hydras
  9 two-headed ogres
  A merfolk aquamancer (Shoals:2)
  5 centaur warriors
  A satyr (Shoals:3)
  3 tengu warriors
  A hell knight (Volcano)
  14 skeletal warriors
  6 sea snakes
  4 wizards (D:14)
  A goliath frog (Lair:6)
  A phantasmal warrior (D:15)
  2 lindwurms
  9 orc knights
  11 harpies
  2 wolf spiders (Lair:4)
  3 necromancers
  A harpy (shapeshifter) (D:14)
  3 orc sorcerers (Orc:2)
  17 fauns
  21 ugly things
  A tengu skeleton (D:15)
  5 merfolk sirens
  9 cyclopes
  12 manticores
  2 stone giant zombies (D:15)
  5 black mambas
  18 elephants
  Joseph (D:8)
  An ice statue (IceCv)
  17 cane toads
  2 water nymphs
  A gargoyle (D:14)
  A smoke demon (Volcano)
  An efreet (D:14)
  6 rime drakes
  3 kobold demonologists
  2 freezing wraiths (IceCv)
  7 komodo dragons
  13 ice devils
  5 entropy weaver simulacra (IceCv)
  6 meliai
  21 merfolk
  6 trolls
  A red devil (Volcano)
  A troll (shapeshifter) (D:14)
  4 polar bears
  Grinder (D:3)
  2 wind drakes
  A wolf spider simulacrum (D:13)
  3 tyrant leeches (Lair:6)
  A queen bee (Lair:5)
  3 hornets
  15 dream sheep
  22 blink frogs
  A spriggan zombie (D:15)
  A culicivora (Lair:4)
  A centaur simulacrum (D:14)
  7 wyverns
  4 dire elephant simulacra (IceCv)
  4 shadows
  46 yaks
  3 hogs (Shoals:1)
  5 water elementals
  7 wraiths
  Eustachio (D:5)
  4 basilisks
  2 vampires
  A fire elemental (D:14)
  6 death yak simulacra (IceCv)
  3 steam dragons
  A harpy simulacrum (IceCv)
  6 vampire mosquitoes
  2 acid dragons
  14 water moccasins
  11 wargs
  2 ice beasts
  A sky beast (D:8)
  43 orc warriors
  3 black bears
  6 ogres
  8 centaurs
  11 wolves
  3 phantoms
  20 bullfrogs
  6 kobold brigands
  2 necrophages
  2 scorpions (D:5)
  A two-headed ogre simulacrum (IceCv)
  A gnoll sergeant (D:9)
  3 cane toad simulacra (IceCv)
  7 wights
  5 elephant simulacra (IceCv)
  3 troll zombies (D:11)
  28 killer bees
  An electric eel (Lair:6)
  2 howler monkeys (D:6)
  15 orc priests
  3 hounds
  3 gnoll shamans
  4 iguanas
  13 orc wizards
  2 polar bear simulacra (IceCv)
  3 spriggan simulacra (IceCv)
  A troll simulacrum (IceCv)
  4 wolf simulacra (IceCv)
  An ogre zombie (D:11)
  14 gnolls
  3 adders
  2 white imps
  A worm (D:2)
  A dart slug (D:2)
  71 orcs
  4 ball pythons
  4 endoplasms
  4 giant cockroaches
  6 goblins
  12 hobgoblins
  6 jackals
  13 kobolds
  5 quokkas
  2 bats
  4 frilled lizards
  A goblin zombie (D:11)
  A hobgoblin skeleton (D:11)
  2 hobgoblin zombies (D:11)
  An orc skeleton (D:11)
  6 orc zombies (D:11)
  10 rats
  3 tentacles (Shoals:3)
854 creatures vanquished.

Vanquished Creatures (collateral kills)
  Erolcha (D:9)
  2 wolves (Lair:5)
  2 killer bees (Lair:5)
5 creatures vanquished.

Vanquished Creatures (others)
  Kirke (Shoals:1)
  A boulder beetle (D:14)
  A manticore (D:14)
  A yaktaur (D:14)
  An efreet (D:14)
  4 slime creatures
  A slime creature (shapeshifter) (D:14)
  A dream sheep (Lair:6)
  A blink frog (Lair:6)
  A shadow (D:11)
  A human (Shoals:1)
  A yak (D:10)
  A hog (Shoals:1)
  A basilisk (Lair:5)
  A steam dragon (D:7)
  2 water moccasins
  An ice beast (D:8)
  An orc warrior (D:6)
  A wolf (Lair:6)
  A kobold brigand (D:9)
  2 bullfrogs
  A scorpion (D:5)
  6 killer bees
  3 hounds (D:5)
  An orc priest (D:9)
  116 jellies
  3 orc wizards
  An iguana (D:5)
  2 ogre zombies (D:11)
  3 adders (D:5)
  A dart slug (D:4)
  10 orcs
  2 endoplasms
  A giant cockroach (D:3)
  A goblin (D:3)
  2 hobgoblins (D:3)
  A quokka (D:2)
  2 goblin zombies (D:11)
  8 kobolds
  6 orc zombies (D:11)
  111 fungi
  218 plants
  11 tentacles (Shoals:3)
  3 withered plants (D:15)
539 creatures vanquished.

Grand Total: 1398 creatures vanquished

Notes
Turn   | Place    | Note
-------+----------+-------------------------------------------
     0 | D:1      | Crownlay the Minotaur Fighter began the quest for the Orb.
     0 | D:1      | Reached XP level 1. HP: 19/19 MP: 0/0
   121 | D:1      | Reached XP level 2. HP: 25/27 MP: 1/1
   437 | D:1      | Reached XP level 3. HP: 33/33 MP: 2/2
   785 | D:2      | Found Sid Dyk's Jewellery Shop.
   852 | D:2      | Found a faded altar of an unknown god.
   868 | D:2      | Prayed at the altar of an unknown god.
   868 | D:2      | Became a worshipper of Jiyva Joen the Shapeless
   868 | D:2      | Reached * piety under Jiyva
   945 | D:2      | Found an ornate altar of the Wu Jian Council.
  1259 | D:2      | Reached ** piety under Jiyva
  1649 | D:2      | Identified the +9 hunting sling of Omizofe {venom, MP+9}
  1755 | D:3      | You fall into a shaft and drop 3 floors!
  1757 | D:6      | Reached XP level 4. HP: 41/41 MP: 3/3
  1796 | D:6      | Reached XP level 5. HP: 38/47 MP: 4/4
  1843 | D:6      | Noticed a water moccasin
  1847 | D:6      | Killed a water moccasin
  1848 | D:6      | Reached skill level 5 in Fighting
  1848 | D:6      | Reached skill level 5 in Polearms
  1848 | D:6      | Reached skill level 5 in Shields
  1865 | D:6      | Reached XP level 6. HP: 56/56 MP: 5/5
  1875 | D:6      | Noticed an orc warrior
  1884 | D:6      | Killed an orc warrior
  1892 | D:6      | Noticed a shadow
  1893 | D:6      | Killed a shadow
  2080 | D:5      | Entered Level 5 of the Dungeon
  2080 | D:5      | Reached *** piety under Jiyva
  2080 | D:5      | Gained mutation: Your body has grown eyes which may confuse
                  | attackers. (Acc +3) [Jiyva's grace]
  2080 | D:5      | Gained mutation: Your body has grown many eyes which may
                  | confuse attackers. (Acc +5) [Jiyva's grace]
  2080 | D:5      | Gained mutation: Your body is covered in eyes which may
                  | confuse attackers. (Acc +7, SInv) [Jiyva's grace]
  2080 | D:5      | Gained mutation: Your flesh is heat resistant. (rF+)
                  | [Jiyva's grace]
  2123 | D:5      | Noticed Eustachio
  2127 | D:5      | Killed Eustachio
  2128 | D:5      | Reached XP level 7. HP: 62/62 MP: 6/6
  2263 | D:5      | Reached XP level 8. HP: 71/71 MP: 7/7
  2604 | D:5      | Identified the +9 rapier of Yeast {vorpal, rElec rCorr
                  | Stlth+}
  2824 | D:4      | Found a stormy altar of Qazlal.
  2827 | D:4      | Found a glowing golden altar of the Shining One.
  2830 | D:4      | Found a hazy altar of Hepliaklqana.
  2840 | D:4      | Found a radiant altar of Vehumet.
  2896 | D:4      | Reached **** piety under Jiyva
  3432 | D:3      | Noticed Grinder
  3439 | D:3      | Paralysed by Grinder for 7 turns
  3451 | D:3      | Paralysed by Grinder for 7 turns
  3460 | D:3      | Paralysed by Grinder for 5 turns
  3465 | D:3      | Killed Grinder
  3502 | D:3      | Reached ***** piety under Jiyva
  3601 | D:3      | Lost mutation: Your body is covered in eyes which may
                  | confuse attackers. (Acc +7, SInv) [Jiyva's grace]
  3601 | D:3      | Gained mutation: Your system is resistant to poisons.
                  | (rPois) [Jiyva's grace]
  3601 | D:3      | Gained mutation: You have a pair of large horns on your
                  | head. [Jiyva's grace]
  3601 | D:3      | Gained mutation: Armour fits poorly on your pseudopods.
                  | [Jiyva's grace]
  3601 | D:3      | Gained mutation: Armour fits poorly on your large
                  | pseudopods. [Jiyva's grace]
  4039 | D:7      | Reached skill level 10 in Polearms
  4109 | D:7      | Reached XP level 9. HP: 81/81 MP: 8/8
  4282 | D:7      | Found a staircase to the Ecumenical Temple.
  4786 | D:8      | Noticed a komodo dragon
  4797 | D:7      | Killed a komodo dragon
  4842 | D:8      | Found a staircase to the Lair.
  4849 | D:8      | Reached skill level 10 in Fighting
  4915 | D:8      | Noticed a troll
  4929 | D:8      | Killed a troll
  4979 | D:8      | Reached XP level 10. HP: 83/93 MP: 9/9
  5149 | D:8      | Identified the +1 helmet of Recklessness {rElec Str+2}
  5252 | D:8      | Reached ****** piety under Jiyva
  5252 | D:8      | Gained mutation: You have a small jelly attached to you
                  | that senses nearby items. [Jiyva's grace]
  5252 | D:8      | Gained mutation: Your melee attacks may engulf your foes in
                  | ooze. [Jiyva's grace]
  5252 | D:8      | Gained mutation: Your rubbery body absorbs attacks. (AC +1,
                  | EV +1) [Jiyva's grace]
  5252 | D:8      | Gained mutation: Your pliable body absorbs attacks. (AC +2,
                  | EV +2) [Jiyva's grace]
  5285 | D:8      | Noticed Joseph
  5294 | D:8      | Killed Joseph
  5543 | D:9      | Noticed a manticore
  5549 | D:9      | Killed a manticore
  5550 | D:9      | Reached skill level 1 in Slings
  5623 | D:9      | Reached skill level 5 in Armour
  5814 | D:9      | Noticed Erolcha
  5825 | D:9      | Killed Erolcha
  5964 | D:9      | Reached skill level 5 in Slings
  6105 | D:9      | Identified the +4 robe of the Sun {+Blink Int+3}
  6277 | D:10     | Entered Level 10 of the Dungeon
  6284 | D:10     | Reached XP level 11. HP: 93/105 MP: 10/10
  6376 | D:10     | Noticed a two-headed ogre
  6384 | D:10     | Killed a two-headed ogre
  6423 | D:10     | Noticed a two-headed ogre
  6428 | D:10     | Killed a two-headed ogre
  6437 | D:10     | Identified the +9 trident of Rimnud {vorpal, Drain rN+++
                  | Int+7 Stlth-}
  6467 | D:10     | Got the Handbook of the Spatial Entourage
  6579 | D:10     | Found Serchu's Assorted Antiques.
  6584 | D:10     | Bought a scroll labelled ACROEG IMIO for 24 gold pieces
  6584 | D:10     | Bought a scroll labelled EMUSAR LUWUG for 24 gold pieces
  6584 | D:10     | Bought a glowing silvery potion for 21 gold pieces
  6584 | D:10     | Bought a puce potion for 21 gold pieces
  6584 | D:10     | Bought a brown potion for 21 gold pieces
  6584 | D:10     | Bought a scroll labelled YLEMAST GAEXEU for 24 gold pieces
  6699 | D:11     | Noticed a boulder beetle
  6710 | D:11     | Killed a boulder beetle
  6723 | D:11     | Noticed a two-headed ogre
  6725 | D:11     | Noticed a boulder beetle
  6733 | D:11     | Killed a two-headed ogre
  6760 | D:11     | Killed a boulder beetle
  6925 | D:11     | Noticed a sixfirhy
  6927 | D:11     | Noticed a soul eater
  6975 | D:11     | Found a staircase to the Orcish Mines.
  7023 | D:11     | Reached skill level 10 in Shields
  7145 | D:11     | Found Qitusm's Armour Shoppe.
  7528 | D:12     | Lost mutation: Your body has grown many eyes which may
                  | confuse attackers. (Acc +5) [Jiyva's grace]
  7528 | D:12     | Lost mutation: Your pliable body absorbs attacks. (AC +2,
                  | EV +2) [Jiyva's grace]
  7528 | D:12     | Gained mutation: You have acidic saliva. [Jiyva's grace]
  7528 | D:12     | Gained mutation: You have large cloven feet. [Jiyva's
                  | grace]
  7528 | D:12     | Gained mutation: You have hoof-like feet. [Jiyva's grace]
  7528 | D:12     | Gained mutation: You have hooves in place of feet. [Jiyva's
                  | grace]
  7596 | D:12     | Reached XP level 12. HP: 104/115 MP: 11/11
  7685 | D:12     | Reached skill level 10 in Armour
  8146 | D:13     | Noticed a centaur warrior
  8151 | D:13     | Killed a centaur warrior
  8266 | Lair:1   | Entered Level 1 of the Lair of Beasts
  8398 | Lair:1   | Found a frozen archway.
  8411 | IceCv    | Entered an ice cave
  8682 | IceCv    | Found the +4 skin of Zhor {*Englaciate rC+++ SInv}
  8736 | IceCv    | Found an ancient bone altar of Kikubaaqudgha.
  8899 | IceCv    | Reached skill level 15 in Polearms
  8993 | IceCv    | Got the Papyrus of Sinister Ice
  9251 | Lair:1   | Reached XP level 13. HP: 124/124 MP: 12/12
  9772 | Lair:2   | You fall into a shaft and drop 1 floor!
  9995 | Lair:3   | Lost mutation: Your flesh is heat resistant. (rF+) [Jiyva's
                  | grace]
  9995 | Lair:3   | Lost mutation: Your melee attacks may engulf your foes in
                  | ooze. [Jiyva's grace]
  9995 | Lair:3   | Gained mutation: You expend magic power (3 MP) to
                  | strengthen your wands. [Jiyva's grace]
  9995 | Lair:3   | Gained mutation: Your body has grown many eyes which may
                  | confuse attackers. (Acc +5) [Jiyva's grace]
  9995 | Lair:3   | Gained mutation: Your body is covered in eyes which may
                  | confuse attackers. (Acc +7, SInv) [Jiyva's grace]
  9995 | Lair:3   | Gained mutation: You are somewhat resistant to further
                  | mutation. [Jiyva's grace]
 10298 | Lair:2   | Identified the +4 helmet "Yloak" {rElec Dex+3 SInv}
 11253 | Lair:4   | Found a staircase to the Shoals.
 11590 | Lair:4   | Reached skill level 15 in Fighting
 11678 | Lair:4   | Lost mutation: You have hooves in place of feet. [Jiyva's
                  | grace]
 11678 | Lair:4   | Lost mutation: You have a pair of large horns on your head.
                  | [Jiyva's grace]
 11678 | Lair:4   | Lost mutation: You expend magic power (3 MP) to strengthen
                  | your wands. [Jiyva's grace]
 11678 | Lair:4   | Gained mutation: Your mind is acute. (Int +2) [Jiyva's
                  | grace]
 11678 | Lair:4   | Gained mutation: Your mind is very acute. (Int +4) [Jiyva's
                  | grace]
 11678 | Lair:4   | Gained mutation: You are agile. (Dex +2) [Jiyva's grace]
 11678 | Lair:4   | Gained mutation: You are very agile. (Dex +4) [Jiyva's
                  | grace]
 11806 | Lair:4   | Found a hole to the Spider Nest.
 11812 | Lair:4   | Reached skill level 1 in Evocations
 12164 | Lair:5   | Reached XP level 14. HP: 135/135 MP: 13/13
 13053 | Lair:6   | Entered Level 6 of the Lair of Beasts
 13102 | Lair:6   | Lost mutation: You are very agile. (Dex +4) [Jiyva's grace]
 13102 | Lair:6   | Lost mutation: You are somewhat resistant to further
                  | mutation. [Jiyva's grace]
 13102 | Lair:6   | Lost mutation: Your rubbery body absorbs attacks. (AC +1,
                  | EV +1) [Jiyva's grace]
 13102 | Lair:6   | Lost mutation: Armour fits poorly on your large pseudopods.
                  | [Jiyva's grace]
 13102 | Lair:6   | Gained mutation: You have a pair of large horns on your
                  | head. [Jiyva's grace]
 13102 | Lair:6   | Gained mutation: You passively map a small area around you.
                  | [Jiyva's grace]
 13102 | Lair:6   | Gained mutation: You passively map the area around you.
                  | [Jiyva's grace]
 13102 | Lair:6   | Gained mutation: You passively map a large area around you.
                  | [Jiyva's grace]
 13133 | Lair:6   | Found a dark tunnel.
 13173 | Volcano  | Entered a volcano
 13661 | Lair:6   | Found a viscous altar of Jiyva.
 13662 | Lair:6   | Found a staircase to the Slime Pits.
 13696 | Lair:6   | Reached skill level 15 in Shields
 13778 | Slime:1  | Entered Level 1 of the Pits of Slime
 13840 | Slime:2  | Noticed a rockslime
 13846 | Slime:2  | Noticed an azure jelly
 13847 | Slime:2  | Noticed a rockslime
 13858 | Slime:4  | Noticed an azure jelly
 13866 | Slime:5  | Entered Level 5 of the Pits of Slime
 13885 | Slime:5  | Found a viscous altar of Jiyva.
 13886 | Slime:5  | Noticed an acid blob
 13886 | Slime:5  | Noticed an azure jelly
 13886 | Slime:5  | Noticed an acid blob
 13886 | Slime:5  | Noticed an acid blob
 13888 | Slime:5  | Noticed an acid blob
 13889 | Slime:5  | Noticed an azure jelly
 13891 | Slime:5  | Noticed an acid blob
 13894 | Slime:5  | Got the Grimoire of the Compass and Black Rituals
 13894 | Slime:5  | Noticed an acid blob
 13895 | Slime:5  | Identified the +3 leather armour "Itirree" {Dex+2}
 13905 | Slime:5  | Got the Almanac of Transmutation
 13907 | Slime:5  | Got a slimy rune of Zot
 13910 | Slime:5  | Noticed an azure jelly
 13911 | Slime:5  | Noticed the Royal Jelly
 13919 | Slime:5  | Identified the +9 great sword "Murmur" {vamp, rElec rF-
                  | Dex+4}
 13931 | Slime:5  | Identified the +8 flail "Neucug" {vorpal, rC+ Str+2 Dex+3
                  | SInv}
 13947 | Slime:5  | Noticed an acid blob
 13955 | Slime:5  | Noticed an acid blob
 13958 | Slime:5  | Noticed a rockslime
 13962 | Slime:5  | Noticed a rockslime
 13978 | Slime:5  | Noticed an acid blob
 14188 | Slime:4  | Noticed an acid blob
 14191 | Slime:4  | Found a viscous altar of Jiyva.
 14470 | Slime:3  | Noticed a rockslime
 14731 | Slime:4  | Noticed an acid blob
 14878 | Slime:2  | Noticed an acid blob
 14878 | Slime:2  | Noticed an acid blob
 14880 | Slime:2  | Noticed an azure jelly
 15012 | Slime:2  | Noticed an azure jelly
 15082 | Slime:1  | Noticed an azure jelly
 15252 | Slime:2  | Noticed a quicksilver ooze
 15266 | Slime:2  | Noticed a quicksilver ooze
 16123 | Orc:1    | Entered Level 1 of the Orcish Mines
 16621 | Orc:2    | Entered Level 2 of the Orcish Mines
 16633 | Orc:2    | Reached XP level 15. HP: 144/144 MP: 14/14
 16645 | Orc:2    | Reached skill level 5 in Evocations
 16768 | Orc:2    | Found a staircase to the Elven Halls.
 16899 | Orc:2    | Noticed Donald
 16922 | Orc:2    | Killed Donald
 17011 | Orc:2    | Found Honay's Assorted Antiques.
 17011 | Orc:2    | Found Kocaop's Book Emporium.
 17017 | Orc:2    | Bought a black potion for 27 gold pieces
 17086 | Orc:2    | Found Xuweolel's Magic Scroll Shop.
 17086 | Orc:2    | Found Symosy's Weapon Emporium.
 17127 | Orc:2    | Bought a scroll of teleportation for 48 gold pieces
 17127 | Orc:2    | Bought a scroll of magic mapping for 56 gold pieces
 17127 | Orc:2    | Bought a scroll of blinking for 120 gold pieces
 17127 | Orc:2    | Bought a scroll of identify for 32 gold pieces
 17127 | Orc:2    | Bought a scroll of identify for 32 gold pieces
 17127 | Orc:2    | Bought a scroll of teleportation for 48 gold pieces
 17128 | Orc:2    | Identified 2 scrolls of acquirement
 17129 | Orc:2    | Acquired the +0 pair of gloves "Xamp" {rElec}
 17136 | Orc:2    | Acquired the amulet "Daraor" {rF+ rC+ Regen+ rCorr Str-3}
 17280 | Orc:2    | Noticed an orc warlord
 17288 | Orc:2    | Paralysed by an orc sorcerer for 3 turns
 17306 | Orc:2    | Killed an orc warlord
 17796 | Orc:1    | Lost mutation: You have hoof-like feet. [Jiyva's grace]
 17796 | Orc:1    | Lost mutation: You are agile. (Dex +2) [Jiyva's grace]
 17796 | Orc:1    | Lost mutation: Your mind is very acute. (Int +4) [Jiyva's
                  | grace]
 17796 | Orc:1    | Lost mutation: You passively map a large area around you.
                  | [Jiyva's grace]
 17796 | Orc:1    | Lost mutation: Your body is covered in eyes which may
                  | confuse attackers. (Acc +7, SInv) [Jiyva's grace]
 17796 | Orc:1    | Gained mutation: You are partially covered in iridescent
                  | scales. (AC +2) [Jiyva's grace]
 17796 | Orc:1    | Gained mutation: You are mostly covered in iridescent
                  | scales. (AC +4) [Jiyva's grace]
 17796 | Orc:1    | Gained mutation: You are completely covered in iridescent
                  | scales. (AC +6) [Jiyva's grace]
 17796 | Orc:1    | Gained mutation: You are partially covered in large bone
                  | plates. (SH +4) [Jiyva's grace]
 18242 | D:13     | Found Dulealegg's Book Shop.
 18555 | D:14     | Noticed an azure jelly
 18555 | D:14     | a boulder beetle changed into an azure jelly
 18568 | D:14     | Found a runed translucent gate.
 18568 | D:14     | Found a runed translucent gate.
 18568 | D:14     | Found a runed translucent gate.
 18572 | D:14     | Noticed an iron dragon
 18614 | D:14     | Identified the +4 scimitar of the Winnowing Pill Bug
                  | {freeze, rF+ MP+9}
 18642 | D:14     | Found a runed translucent gate.
 18642 | D:14     | Found a runed translucent gate.
 18642 | D:14     | Found a runed translucent gate.
 18652 | D:14     | Noticed a fire giant
 18777 | D:14     | Identified the +1 leather armour of Ocireilo {*Corrode
                  | Int+5}
 18808 | D:14     | Found a gate to the Vaults.
 19708 | D:14     | Identified the +9 hunting sling of Reapportionment {speed,
                  | Fragile Will+ Str+4}
 19829 | D:15     | Entered Level 15 of the Dungeon
 19859 | D:15     | Reached XP level 16. HP: 155/155 MP: 15/15
 19879 | D:15     | Reached skill level 15 in Armour
 19886 | D:15     | Found a staircase to the Depths.
 20016 | D:15     | Lost mutation: You have a pair of large horns on your head.
                  | [Jiyva's grace]
 20016 | D:15     | Lost mutation: You are completely covered in iridescent
                  | scales. (AC +6) [Jiyva's grace]
 20016 | D:15     | Lost mutation: You passively map the area around you.
                  | [Jiyva's grace]
 20016 | D:15     | Lost mutation: Armour fits poorly on your pseudopods.
                  | [Jiyva's grace]
 20016 | D:15     | Gained mutation: You have a small jelly attached to you
                  | that may absorb projectiles. [Jiyva's grace]
 20016 | D:15     | Gained mutation: You have hidden genetic potential.
                  | [Jiyva's grace]
 20016 | D:15     | Gained mutation: You have great hidden genetic potential.
                  | [Jiyva's grace]
 20016 | D:15     | Gained mutation: Your flesh is cold resistant. (rC+)
                  | [Jiyva's grace]
 20842 | Shoals:1 | Entered Level 1 of the Shoals
 21047 | Shoals:1 | Noticed Frances
 21065 | Shoals:1 | Killed Frances
 21156 | Shoals:1 | Noticed Kirke
 21191 | Shoals:1 | Killed Kirke
 21232 | Shoals:1 | Found Gosch's Self-Improvement Boutique.
 21247 | Shoals:1 | Noticed Josephine
 21267 | Shoals:1 | Killed Josephine
 21482 | Shoals:1 | You fall into a shaft and drop 1 floor!
 21560 | Shoals:2 | Lost mutation: You have large cloven feet. [Jiyva's grace]
 21560 | Shoals:2 | Lost mutation: You have great hidden genetic potential.
                  | [Jiyva's grace]
 21560 | Shoals:2 | Lost mutation: You have a small jelly attached to you that
                  | senses nearby items. [Jiyva's grace]
 21560 | Shoals:2 | Gained mutation: Your translucent skin slightly reduces
                  | your foes' accuracy. (Stealth+) [Jiyva's grace]
 21560 | Shoals:2 | Gained mutation: Your translucent skin reduces your foes'
                  | accuracy. (Stealth+) [Jiyva's grace]
 21560 | Shoals:2 | Gained mutation: Your transparent skin significantly
                  | reduces your foes' accuracy. (Stealth+) [Jiyva's grace]
 21560 | Shoals:2 | Gained mutation: You are strong-willed. (Will+) [Jiyva's
                  | grace]
 22518 | Shoals:3 | Noticed a kraken
 22556 | Shoals:3 | Killed a kraken
 22621 | Shoals:3 | HP: 5/160 [merfolk aquamancer/shard of ice (18)]
 22621 | Shoals:3 | Killed from afar by a merfolk aquamancer

Illustrated notes

Levels and vault maps discovered:
D:1:      dpeg_arrival_renting, layout_basic
D:2:      layout_loops_ring, basic_altar, ebering_ecumenical_altar_sacrificial,
          serial_shops, nicolae_shop_advertising_works
          [nicolae_subvault_shop_adworks], serial_co_window_serial,
          co_window_paths_a, co_window_of_opportunity_a, co_window_paths_b,
          co_window_corner_a, co_window_corner_a, co_window_broadway_b,
          co_window_of_opportunity_b, co_window_2corner, co_window_corner_cb,
          co_window_corner_b, co_window_corner_b, co_window_paths_c,
          co_window_paths_d, glass_columns_c, glass_columns_c
D:3:      layout_basic, kennysheep_generic_room_12, uniq_grinder
D:4:      layout_loops_cross, grunt_temple_overflow_cloverleaf, st_stairs_14,
          minmay_manual_mess
D:5:      minmay_recursive_quarters, layout_basic, uniq_eustachio
D:6:      layout_cave_pools
D:7:      layout_cave_pods, minmay_temple_entry_proselytizer
D:8:      layout_basic, due_lair_maze_entry_diamond,
          chequers_serial_rivers_micro_a, chequers_serial_rivers_micro_c,
          uniq_joseph
D:9:      layout_loops_cross, minmay_joined_circles, uniq_erolcha
D:10:     layout_basic, serial_shops, kennysheep_little_box
D:11:     layout_rooms, zombieorc1_lemuel, serial_shops, shop, interstate_on_off
D:12:     layout_loops_ring
D:13:     layout_roguey, serial_shops, nicolae_shop_crystal
D:14:     kennysheep_treasure_stockpile, layout_loops_corners, david_vaults_1,
          minmay_fountain_box, grunt_ministairs_12
D:15:     gammafunk_depths_entry_grave, layout_irregular_city,
          serial_park_tiny_1
Lair:1:   layout_gridlike, portal_ice_cave_demonic_guard,
          grunt_forest_stairs_basic, nicolae_lair_lil_pond
Lair:2:   layout_small_grid, grunt_megastairs_3, lemuel_fruit_fields,
          infiniplex_staircase_pool
Lair:3:   layout_loops_ring, infiniplex_staircase_pool_2
Lair:4:   layout_hall_layers, elwin_shoals_entry_stream,
          spider_nest_entry_funnel_web
Lair:5:   regret_index_tunnel_blossom, layout_gridlike, st_stairs_5
Lair:6:   minmay_lair_end_frog_pond, layout_hall_layers, slime_altar_1,
          nicolae_volcano_entry_vermiform
Shoals:1: layout_shoals, nicolae_shop_self_help, uniq_josephine, uniq_kirke,
          uniq_frances
Shoals:2: layout_shoals, nicolae_shoals_lost_giant_pillars
Shoals:3: layout_shoals, nicolae_splish_splash
Slime:1:  layout_caves, nicolae_slime_barrier
Slime:2:  layout_caves
Slime:3:  layout_caves
Slime:4:  layout_caves, basic_altar
Slime:5
Orc:1:    layout_diamond_mine, basic_altar
Orc:2:    st_orc_town, layout_caves, uniq_donald

Skill      XL: |  1  2  3  4  5  6  7  8  9 10 11 12 13 14 15 16 |
---------------+-------------------------------------------------+-----
Polearms       | 3 4 5 7 8 10 12 13 15 16 18 19 | 19.1
Fighting       | 4 5 6 7 11 12 13 14 15 16 17 19 | 19.0
Shields        | 4 5 6 7 8 9 10 11 13 15 16 17 | 17.6
Slings         | 5 6 |  6.0
Armour         | 6 9 12 13 14 15 | 15.0
Evocations     | 1 4 7 8 |  8.9

Action                   |  1- 3 |  4- 6 |  7- 9 | 10-12 | 13-15 | 16-18 || total
-------------------------+-------+-------+-------+-------+-------+-------++-------
Melee: Trident           |    84 |    11 |       |   159 |  1263 |   594 ||  2111
       Headbutt          |     7 |     2 |     5 |    78 |   289 |   100 ||   481
       Rapier            |       |       |    47 |   232 |       |       ||   279
       Pseudopods        |       |       |    14 |    88 |   251 |    24 ||   377
       Kick              |       |       |       |    97 |   431 |    97 ||   625
       Bite              |       |       |       |    31 |   153 |    67 ||   251
       Unarmed           |       |       |       |       |       |    20 ||    20
 Fire: Hunting sling     |     1 |    31 |   161 |   139 |     3 |       ||   335
Invok: Oozemancy         |       |       |       |     1 |     3 |     1 ||     5
       Slimify           |       |       |       |       |     1 |     2 ||     3
Evoke: Wand              |       |       |       |       |    10 |     8 ||    18
  Use: Scroll            |       |       |     1 |     7 |    11 |     4 ||    23
       Potion            |       |       |       |     3 |       |       ||     3
 Stab: Confused          |       |       |     3 |     2 |    29 |     7 ||    41
       Sleeping          |       |       |       |     3 |       |       ||     3
       Distracted        |       |       |       |       |     1 |       ||     1
Armor: Scale mail        |    24 |     9 |    63 |     2 |       |       ||    98
       Ring mail         |       |       |       |   109 |    68 |       ||   177
       Animal skin       |       |       |       |    37 |       |       ||    37
       Plate armour      |       |       |       |       |   179 |   161 ||   340
Dodge: Dodged            |    34 |    12 |    63 |   179 |   161 |    88 ||   537
Block: Buckler           |     9 |     3 |    55 |   165 |   105 |       ||   337
       Kite shield       |       |       |       |       |   324 |   356 ||   680

Table legend: (Time is in decaauts)
 A = Elapsed time spent in this place.
 B = Non-inter-level travel time spent in this place.
 C = Inter-level travel time spent in this place.
 D = Time resting spent in this place.
 E = Time spent auto-exploring this place.
 F = Levels seen in this place.
 G = Mean time per level.
                   A        B        C        D        E       F      G
               +--------+--------+--------+--------+--------+-----+--------+
         Total |  22459 |  20744 |   1715 |    149 |  15684 |  33 |  680.6 |
       Dungeon |  11401 |  10475 |    926 |     13 |   8261 |  15 |  760.1 |
          Lair |   5146 |   4679 |    467 |     59 |   3629 |   6 |  857.7 |
        Shoals |   1832 |   1819 |     13 |      0 |   1178 |   3 |  610.7 |
    Slime Pits |   1587 |   1387 |    200 |      0 |   1171 |   5 |  317.4 |
  Orcish Mines |   1617 |   1509 |    108 |      5 |   1043 |   2 |  808.5 |
      Ice Cave |    639 |    639 |      0 |     62 |    333 |   1 |  639.0 |
       Volcano |    234 |    234 |      0 |     10 |     69 |   1 |  234.0 |
               +--------+--------+--------+--------+--------+-----+--------+

Top non-repeatable levels by time:
    D:14: 1336 daAuts
  Lair:5: 1079 daAuts
     D:2: 1047 daAuts
   Orc:2: 979 daAuts
  Lair:6: 955 daAuts
    D:12: 916 daAuts
  Lair:4: 907 daAuts
     D:9: 860 daAuts
     D:8: 826 daAuts
     D:7: 808 daAuts
     D:5: 804 daAuts
Shoals:2: 804 daAuts
    D:11: 792 daAuts
  Lair:1: 785 daAuts
  Lair:3: 775 daAuts
